 Dungeon Crawl Stone Soup version 0.30-a0-347-gf58ed5266c (webtiles) character file.

Game seed: 7522668698449926133

154 runemasterragnar the Ruffian (level 5, 0/63 HPs)
             Began as a Draconian Transmuter on Nov 5, 2022.
             Slain by a necrophage (2 damage)
             ... on level 5 of the Dungeon.
             The game lasted 00:03:54 (3130 turns).

runemasterragnar the Ruffian (Draconian Transmuter) Turns: 3130, Time: 00:03:55

Health: 0/63       AC: 22    Str: 15    XL:     5   Next: 13%
Magic:  9/9        EV:  2    Int: 13    God:
Gold:   191        SH:  0    Dex: 11    Spells: 6/9 levels left

rFire   . . .      SeeInvis .      - Unarmed
rCold   . . .      Faith    .    (no shield)
rNeg    . . .      Spirit   .    (body armour unavailable)
rPois   +          Reflect  .    (helmet currently unavailable)
rElec   .          Harm     .    (cloak currently unavailable)
rCorr   .          Rampage  .    (gloves currently unavailable)
Will    .....      Rage     3%   (boots currently unavailable)
Stlth   +......... NoTele   +    (no amulet)
HPRegen 0.30/turn                b - +4 ring of protection
MPRegen 0.11/turn                (no ring)

@: brilliant, tree-form, corroded, attractive
A: stationary, stasis, torment immunity, boosted hp, AC +5, unfitting armour,
(cold-blooded), berserk 1, deterioration 1, screaming 1
a: no special abilities


You were on level 5 of the Dungeon.
You were a tree.
You visited 1 branch of the dungeon, and saw 5 of its levels.

You collected 191 gold pieces.

Inventory:

Armour
 h - a +0 pair of gloves (melded)
Jewellery
 b - a +4 ring of protection (left branch)
 k - a +4 ring of protection
 m - a +6 ring of dexterity
Wands
 s - a wand of flame (15)
 t - a wand of digging (4)
Scrolls
 e - a scroll of enchant weapon {unknown}
 f - a scroll of poison {unknown}
 i - 2 scrolls of identify {unknown}
 j - a scroll of enchant armour {unknown}
 l - a scroll of immolation {unknown}
 p - 2 scrolls of butterflies {unknown}
 q - a scroll of blinking {unknown}
 r - 2 scrolls of teleportation {unknown}
Potions
 a - a potion of lignification
 d - a potion of curing {unknown}
 g - a potion of ambrosia {unknown}
 n - a potion of mutation


   Skills:
 + Level 2.6 Fighting
 + Level 2.6 Dodging
 + Level 3.7 Unarmed Combat
 + Level 2.8 Spellcasting
 + Level 2.9 Transmutations


You had 6 spell levels left.
You knew the following spells:

 Your Spells              Type           Power      Damage    Failure   Level
a - Beastly Appendage     Tmut           28%        N/A       7%          1
b - Wereblood             Tmut           14%        N/A       11%         2

Your spell library contained the following spells:

 Spells                   Type           Power      Damage    Failure   Level
 Slow                     Hex            8%         N/A       24%         1
 Spider Form              Tmut/Pois      8%         N/A       36%         3
 Ignite Poison            Fire/Tmut/Pois 6%         N/A       43%         3
 Confusing Touch          Hex            2%         N/A       56%         3
 Vampiric Draining        Necr           2%         2d6       56%         3
 Ice Form                 Ice/Tmut       8%         N/A       77%         4
 Freezing Cloud           Conj/Ice/Air   1%         6-21      100%        5


Dungeon Overview and Level Annotations

Branches:
Dungeon (5/15)
 Temple: D:4-7

Altars:
Xom
Yredelemnul

Shops:
D:1 ?

Annotations:
D:4 1 runed translucent door, Menkaure; Shayle's ghost, novice DjRe


Innate Abilities, Weirdness & Mutations

You are a tree.
Your roots penetrate the ground, keeping you stationary.
You cannot be teleported.
You are immune to unholy pain and torment.
Your maximum health is greatly increased.
Your equipment is partially melded.
((Your plain brown scales are hard. (AC +5)))
You cannot fit into any form of body armour.
((You are cold-blooded and may be slowed by cold attacks.))
You sometimes lose your temper in combat.
Your body sometimes deteriorates upon taking damage.
You occasionally shout uncontrollably at your foes.


Message History

Really quaff the potion of lignification?
You turn into a tree.
Your +0 pair of gloves melds into your body.
Your roots penetrate the ground.
The jelly hits you but does no damage. The orc hits you but does no damage.
The orc shouts!
You hit the jelly. The acid corrodes you!
Your branches burn!
The jelly is severely wounded.
The jelly hits you but does no damage.
You hit the jelly.
Your branches burn!
The jelly is almost dead.
The orc hits you but does no damage.
The orc warrior hits you with a +0 dire flail.
The jelly hits you but does no damage.
You hit the jelly.
Your branches burn!
The jelly is almost dead.
The orc hits you but does no damage.
The orc warrior hits you with a +0 dire flail.
* * * LOW HITPOINT WARNING * * *
The jelly hits you but does no damage.
It was a potion of mutation.
You feel extremely strange.
You feel yourself wasting away.
You feel a little pissed off.
You feel the urge to shout. The orc hits you with a +0 mace.
* * * LOW HITPOINT WARNING * * *
The orc hits you but does no damage.
The orc warrior hits you with a +0 dire flail!
* * * LOW HITPOINT WARNING * * *
The jelly hits you but does no damage.
It was a potion of brilliance.
You feel clever all of a sudden. The orc hits you but does no damage.
The necrophage hits you but does no damage.
The orc hits you but does no damage.
The orc warrior hits you but does no damage.
The jelly hits you but does no damage.
It was a potion of attraction.
You feel attractive to monsters.
The orc hits you but does no damage. x2; The necrophage hits you.
You die...

..#####...
##........
......... ##
##...<..# ...
.#.......##....
...............
...............
#...n♣J#
......ooo#
...........
..........##
..#........ .
#.##.#.... ..
#. #.... .. ##
###..


You could see an orc warrior, a necrophage, a jelly and 2 orcs.

Vanquished Creatures
  Robin (D:3)
  5 adders
  A worm (D:2)
  2 dart slugs
  3 orcs (D:4)
  6 ball pythons
  5 bats
  5 endoplasms
  4 giant cockroaches
  12 goblins
  10 hobgoblins
  7 jackals
  4 kobolds
  4 quokkas
  3 frilled lizards
  5 rats
77 creatures vanquished.

Vanquished Creatures (others)
  4 toadstools (D:1)
4 creatures vanquished.

Grand Total: 81 creatures vanquished

Notes
Turn   | Place    | Note
-------+----------+-------------------------------------------
     0 | D:1      | runemasterragnar the Draconian Transmuter began the quest
                  | for the Orb.
     0 | D:1      | Reached XP level 1. HP: 16/16 MP: 3/3
    29 | D:1      | Found Zuwary's Magic Scroll Shop.
   282 | D:1      | Reached XP level 2. HP: 21/23 MP: 3/5
   351 | D:1      | You fall into a shaft and drop 1 floor!
   405 | D:2      | Found a shimmering altar of Xom.
   484 | D:2      | Reached XP level 3. HP: 26/29 MP: 4/6
   596 | D:2      | Got the Parchment of Variable Vapour
   768 | D:2      | Reached XP level 4. HP: 35/36 MP: 5/7
  2125 | D:3      | Noticed Robin
  2146 | D:3      | Learned a level 2 spell: Wereblood
  2169 | D:3      | Killed Robin
  2690 | D:4      | Noticed Shayle's ghost (novice DjRe)
  2690 | D:4      | Found a runed translucent door.
  2780 | D:4      | Noticed Menkaure
  2781 | D:4      | Found a basalt altar of Yredelemnul.
  2858 | D:4      | Reached XP level 5. HP: 42/42 MP: 7/9
  3123 | D:5      | Entered Level 5 of the Dungeon
  3123 | D:5      | Noticed an orc warrior
  3128 | D:5      | Gained mutation: Your body sometimes deteriorates upon
                  | taking damage. [potion of mutation]
  3128 | D:5      | Gained mutation: You sometimes lose your temper in combat.
                  | [potion of mutation]
  3128 | D:5      | Gained mutation: You occasionally shout uncontrollably at
                  | your foes. [potion of mutation]
  3128 | D:5      | HP: 1/63 [orc warrior/+0 dire flail (12)]
  3130 | D:5      | Slain by a necrophage

Illustrated notes

Levels and vault maps discovered:
D:1:      ldierk_walled_garden_2, layout_loops_corners, serial_shops, shop
D:2:      layout_basic, basic_altar, chequers_serial_rivers_small_b,
          moated_statue, chequers_mini_garden
D:3:      layout_loops_ring, uniq_robin
D:4:      layout_basic, mainiacjoe_overflow_concentric_impassable,
          hellmonk_ghost_happy_afterlife, uniq_menkaure
D:5:      layout_cave_pools, minmay_temple_entry_tees,
          gup_ossuary_entry_pyramid, uniq_sigmund

Skill      XL: |  1  2  3 |
---------------+----------+-----
Dodging        | 2 |  2.6
Fighting       | 2 |  2.6
Unarmed Combat | |  3.7
Spellcasting   | |  2.8
Transmutations | |  2.9

Action                   |  1- 3 |  4- 6 || total
-------------------------+-------+-------++-------
Melee: Unarmed           |    86 |   118 ||   204
       Tailslap          |     8 |    11 ||    19
       Kick              |    12 |    21 ||    33
       Headbutt          |     7 |    13 ||    20
       Punch             |       |     4 ||     4
 Cast: Beastly Appendage |    22 |    35 ||    57
       Wereblood         |       |     3 ||     3
  Use: Potion            |       |     4 ||     4
 Stab: Sleeping          |       |     1 ||     1
Armor: Skin              |    40 |    66 ||   106
Dodge: Dodged            |    59 |    82 ||   141

Table legend: (Time is in decaauts)
 A = Elapsed time spent in this place.
 B = Non-inter-level travel time spent in this place.
 C = Inter-level travel time spent in this place.
 D = Time resting spent in this place.
 E = Time spent auto-exploring this place.
 F = Levels seen in this place.
 G = Mean time per level.
                   A        B        C        D        E       F      G
               +--------+--------+--------+--------+--------+-----+--------+
         Total |   3119 |   2968 |    151 |     61 |   2359 |   5 |  623.8 |
       Dungeon |   3119 |   2968 |    151 |     61 |   2359 |   5 |  623.8 |
               +--------+--------+--------+--------+--------+-----+--------+

Top non-repeatable levels by time:
     D:1: 1017 daAuts
     D:2: 880 daAuts
     D:3: 797 daAuts
     D:4: 417 daAuts
     D:5: 6 daAuts
